TOP OF THE 1ST |
Oakland Athletics batting - Pitching for Boston Red Sox : RHP Karel Heuvelink
|
Pitching: RHP Karel Heuvelink
|
|
Batting: RHB Muneo Kawachi
|
0-0: Called Strike 0-1: Foul Ball, location: 2F 0-2: Foul Ball, location: 2F 0-2: Ball 1-2: SINGLE (Groundball, 56D, EV 96.3 MPH)
|
Batting: RHB Danny Murillo
|
0-0: Ball 1-0: Called Strike 1-1: DOUBLE (Line Drive, 9LM, EV 101.9 MPH) Muneo Kawachi to third
|
Batting: SHB Robert Handy
|
0-0: Swinging Strike 0-1: Fly out, F7 (Flyball, 7S, EV 90.6 MPH) Runner from 3rd tags up, SCORES, throw by LF
|
Batting: RHB Sébastien Piat
|
0-0: Ball 1-0: Foul Ball, location: 2F 1-1: Called Strike 1-2: Ball 2-2: Ground out 5-3 (Groundball, 56, EV 86.3 MPH)
|
Batting: RHB Danny Miramontes
|
0-0: Ball 1-0: Ball 2-0: Ball 3-0: Called Strike 3-1: Base on Balls
|
Batting: SHB Rich Muniz
|
0-0: Fly out, F8 (Flyball, 8LD, EV 99.4 MPH)
|
Top of the 1st over - 1 run, 2 hits, 0 errors, 2 left on base; Oakland 1 - Boston 0 |
BOTTOM OF THE 1ST |
Boston Red Sox batting - Pitching for Oakland Athletics : RHP Mike Staley
|
Pitching: RHP Mike Staley
|
|
Batting: SHB Robbie Rogers
|
0-0: Ground out 6-3 (Groundball, 6S, EV 91.9 MPH)
|
Batting: LHB Kevin McCormic Jr.
|
0-0: Foul Ball, location: 2F 0-1: Ball 1-1: Ball 2-1: SINGLE (Groundball, 34D, EV 115.6 MPH)
|
Batting: SHB Mark Rennie
|
0-0: Ball 1-0: Ball 2-0: Ball 3-0: Called Strike 3-1: Fly out, F8 (Flyball, 8LM, EV 93.1 MPH)
|
Batting: SHB Rich Chavez
|
0-0: Ball 1-0: Ball 2-0: Called Strike 2-1: Ground out 2-3 (Groundball, 2L, EV 67.5 MPH)
|
Bottom of the 1st over - 0 runs, 1 hit, 0 errors, 1 left on base; Oakland 1 - Boston 0 |
TOP OF THE 2ND |
Oakland Athletics batting - Pitching for Boston Red Sox : RHP Karel Heuvelink
|
Batting: RHB Trevor Conklin
|
0-0: Ball 1-0: Ball 2-0: Foul Ball, location: 2F 2-1: Ground out 4-3 (Groundball, 4, EV 86.9 MPH)
|
Batting: RHB Jorge Bernal
|
0-0: Called Strike 0-1: Ball 1-1: SINGLE (Line Drive, 34, EV 110.0 MPH)
|
Batting: RHB Eduardo Chavez
|
0-0: Ball 1-0: Fly out, F8 (Flyball, 89D, EV 86.3 MPH)
|
Batting: RHB Muneo Kawachi
|
0-0: Called Strike 0-1: Called Strike Jorge Bernal is caught stealing 2nd base 2-4
|
Top of the 2nd over - 0 runs, 1 hit, 0 errors, 0 left on base; Oakland 1 - Boston 0 |
BOTTOM OF THE 2ND |
Boston Red Sox batting - Pitching for Oakland Athletics : RHP Mike Staley
|
Batting: LHB Xavier Pittman
|
0-0: Ball 1-0: Ball 2-0: Swinging Strike 2-1: Swinging Strike 2-2: Ball 3-2: Fly out, F7 (Flyball, 7D, EV 100.6 MPH)
|
Batting: LHB Ernesto Cedillos
|
0-0: Foul Ball, location: 2F 0-1: Ball 1-1: Ball 2-1: SINGLE (Line Drive, 4D, EV 100.0 MPH)
|
Batting: RHB Nick Esteves
|
0-0: Called Strike 0-1: Swinging Strike 0-2: Ball 1-2: Strikes out swinging
|
Batting: SHB Greg Prime
|
0-0: Ball 1-0: Ball 2-0: Ground out 1-3 (Groundball, 34S, EV 65.6 MPH)
|
Bottom of the 2nd over - 0 runs, 1 hit, 0 errors, 1 left on base; Oakland 1 - Boston 0 |
TOP OF THE 3RD |
Oakland Athletics batting - Pitching for Boston Red Sox : RHP Karel Heuvelink
|
Batting: RHB Muneo Kawachi
|
0-0: Fly out, F8 (Line Drive, 8RD, EV 93.1 MPH)
|
Batting: RHB Danny Murillo
|
0-0: Called Strike 0-1: Foul Ball, location: 2F 0-2: Fly out, F8 (Flyball, 8RD, EV 91.9 MPH)
|
Batting: SHB Robert Handy
|
0-0: Called Strike 0-1: Ball 1-1: Foul Ball, location: 2F 1-2: SINGLE (Line Drive, 34D, EV 100.0 MPH)
|
Batting: RHB Sébastien Piat
|
0-0: Ball 1-0: Foul Ball, location: 2F 1-1: Foul Ball, location: 2F 1-2: SINGLE (Groundball, 6MD, EV 93.8 MPH) Robert Handy to second
|
Batting: RHB Danny Miramontes
|
0-0: Called Strike 0-1: Foul Ball, location: 2F 0-2: Ball 1-2: Foul Ball, location: 2F 1-2: Ball 2-2: Ball 3-2: Fly out, F4 (Popup, 3S, EV 85.0 MPH)
|
Top of the 3rd over - 0 runs, 2 hits, 0 errors, 2 left on base; Oakland 1 - Boston 0 |
BOTTOM OF THE 3RD |
Boston Red Sox batting - Pitching for Oakland Athletics : RHP Mike Staley
|
Batting: SHB Brace Harper
|
0-0: Called Strike 0-1: Ball 1-1: Fly out, F9 (Flyball, 89D, EV 96.3 MPH)
|
Batting: SHB Robbie Rogers
|
0-0: DOUBLE (Line Drive, 89XD, EV 108.8 MPH)
|
Batting: LHB Kevin McCormic Jr.
|
0-0: Ball Robbie Rogers steals 3rd base 1-0: Ball 2-0: Ball 3-0: Called Strike 3-1: Called Strike 3-2: Base on Balls
|
Batting: SHB Mark Rennie
|
0-0: Called Strike 0-1: Fly out, F9 (Flyball, 89S, EV 85.6 MPH)
|
Batting: SHB Rich Chavez
|
0-0: Called Strike 0-1: Swinging Strike 0-2: Fielders Choice at 2nd, U6 (Groundball, 6M, EV 105.6 MPH)
|
Bottom of the 3rd over - 0 runs, 1 hit, 0 errors, 2 left on base; Oakland 1 - Boston 0 |
TOP OF THE 4TH |
Oakland Athletics batting - Pitching for Boston Red Sox : RHP Karel Heuvelink
|
Batting: SHB Rich Muniz
|
0-0: Foul Ball, location: 2F 0-1: Called Strike 0-2: Foul Ball, location: 2F 0-2: Ball 1-2: Foul Ball, location: 2F 1-2: Foul Ball, location: 2F 1-2: Fly out, F9 (Line Drive, 9, EV 96.9 MPH)
|
Batting: RHB Trevor Conklin
|
0-0: Called Strike 0-1: Ball 1-1: Foul Ball, location: 2F 1-2: Fly out, F4 (Popup, 4M, EV 58.1 MPH)
|
Batting: RHB Jorge Bernal
|
0-0: Ball 1-0: Swinging Strike 1-1: Bunt for hit to 13 - play at first, batter OUT! 1-3
|
Top of the 4th over - 0 runs, 0 hits, 0 errors, 0 left on base; Oakland 1 - Boston 0 |
BOTTOM OF THE 4TH |
Boston Red Sox batting - Pitching for Oakland Athletics : RHP Mike Staley
|
Batting: LHB Xavier Pittman
|
0-0: Reached on error, E7 (Flyball, 7LS, EV 91.9 MPH)
|
Batting: LHB Ernesto Cedillos
|
0-0: Called Strike 0-1: Called Strike 0-2: Foul Ball, location: 2F 0-2: Ball Wild Pitch! Xavier Pittman to second 1-2: Ball 2-2: Ground out 4-3 (Groundball, 4, EV 105.6 MPH) Xavier Pittman to third
|
Batting: RHB Nick Esteves
|
0-0: Ball 1-0: Swinging Strike 1-1: Ball 2-1: Foul Ball, location: 2F 2-2: Ball 3-2: Strikes out swinging
|
Batting: SHB Greg Prime
|
0-0: Ball 1-0: Fly out, F4 (Line Drive, 4, EV 63.8 MPH)
|
Bottom of the 4th over - 0 runs, 0 hits, 1 error, 1 left on base; Oakland 1 - Boston 0 |
TOP OF THE 5TH |
Oakland Athletics batting - Pitching for Boston Red Sox : RHP Karel Heuvelink
|
Pitching: RHP Danny Klomp
|
|
Batting: RHB Eduardo Chavez
|
0-0: Foul Ball, location: 2F 0-1: Swinging Strike 0-2: Strikes out swinging
|
Batting: RHB Muneo Kawachi
|
0-0: Foul Ball, location: 2F 0-1: Foul Ball, location: 2F 0-2: Ball 1-2: Foul Ball, location: 2F 1-2: Ball 2-2: Foul Ball, location: 2F 2-2: Strikes out swinging
|
Batting: RHB Danny Murillo
|
0-0: Ball 1-0: Swinging Strike 1-1: Foul Ball, location: 2F 1-2: Strikes out swinging
|
Top of the 5th over - 0 runs, 0 hits, 0 errors, 0 left on base; Oakland 1 - Boston 0 |
BOTTOM OF THE 5TH |
Boston Red Sox batting - Pitching for Oakland Athletics : RHP Mike Staley
|
Pitching: RHP Joe Spampinato
|
|
Batting: SHB Brace Harper
|
0-0: Ball 1-0: Ball 2-0: Ball 3-0: Base on Balls
|
Batting: SHB Robbie Rogers
|
0-0: Ball Brace Harper is caught stealing 2nd base 2-6 1-0: Ball 2-0: Called Strike 2-1: Foul Ball, location: 2F 2-2: Ball 3-2: Base on Balls
|
Batting: LHB Kevin McCormic Jr.
|
0-0: Called Strike Robbie Rogers steals 2nd base 0-1: Ball 1-1: Ball 2-1: SINGLE (Groundball, 4MD, EV 96.3 MPH) Robbie Rogers to third Runner from 3rd tries for Home, SAFE, throw by CF to home Kevin McCormic Jr. to second
|
Batting: SHB Mark Rennie
|
0-0: Ball 1-0: Ball 2-0: Ball 3-0: Called Strike 3-1: Base on Balls
|
Batting: SHB Rich Chavez
|
0-0: Ball 1-0: Fly out, F7 (Line Drive, 7D, EV 90.6 MPH)
|
Batting: LHB Xavier Pittman
|
0-0: Swinging Strike 0-1: Swinging Strike 0-2: Strikes out swinging
|
Bottom of the 5th over - 1 run, 1 hit, 0 errors, 2 left on base; Oakland 1 - Boston 1 |
TOP OF THE 6TH |
Oakland Athletics batting - Pitching for Boston Red Sox : RHP Danny Klomp
|
Batting: SHB Robert Handy
|
0-0: Foul Ball, location: 2F 0-1: Ground out 6-3 (Groundball, 4M, EV 103.8 MPH)
|
Batting: RHB Sébastien Piat
|
0-0: Ball 1-0: Called Strike 1-1: Ball 2-1: Ball 3-1: Called Strike 3-2: Strikes out swinging
|
Batting: RHB Danny Miramontes
|
0-0: Called Strike 0-1: Ball 1-1: Foul Ball, location: 2F 1-2: Ball 2-2: Ball 3-2: Base on Balls
|
Batting: SHB Rich Muniz
|
0-0: Foul Ball, location: 2F 0-1: Called Strike 0-2: Ball 1-2: Strikes out looking
|
Top of the 6th over - 0 runs, 0 hits, 0 errors, 1 left on base; Oakland 1 - Boston 1 |
BOTTOM OF THE 6TH |
Boston Red Sox batting - Pitching for Oakland Athletics : RHP Joe Spampinato
|
Batting: LHB Ernesto Cedillos
|
0-0: Ball 1-0: Ground out U3 (Groundball, 34, EV 83.8 MPH)
|
Batting: RHB Nick Esteves
|
0-0: Ball 1-0: Ground out 4-3 (Groundball, 4, EV 102.5 MPH)
|
Batting: SHB Greg Prime
|
0-0: Swinging Strike 0-1: Foul Ball, location: 2F 0-2: Ball 1-2: Ground out 4-3 (Groundball, 4, EV 91.9 MPH)
|
Bottom of the 6th over - 0 runs, 0 hits, 0 errors, 0 left on base; Oakland 1 - Boston 1 |
TOP OF THE 7TH |
Oakland Athletics batting - Pitching for Boston Red Sox : RHP Danny Klomp
|
Pitching: LHP Mike Nimmo
|
|
Batting: RHB Trevor Conklin
|
0-0: Foul Ball, location: 2F 0-1: Ball 1-1: Ball 2-1: Foul Ball, location: 2F 2-2: SINGLE (Groundball, 4S, EV 64.4 MPH) (infield hit)
|
Batting: RHB Jorge Bernal
|
0-0: Sac Bunt to 3S - play at first, batter OUT! 3-1 Trevor Conklin to second
|
Batting: RHB Eduardo Chavez
|
0-0: Ball 1-0: Foul Ball, location: 2F 1-1: Foul Ball, location: 2F 1-2: Ground out 5-3 (Groundball, 56, EV 86.3 MPH)
|
Batting: RHB Muneo Kawachi
|
0-0: Called Strike 0-1: Ball 1-1: Called Strike 1-2: Foul Ball, location: 2F 1-2: Ball 2-2: Strikes out swinging
|
Top of the 7th over - 0 runs, 1 hit, 0 errors, 1 left on base; Oakland 1 - Boston 1 |
BOTTOM OF THE 7TH |
Boston Red Sox batting - Pitching for Oakland Athletics : RHP Joe Spampinato
|
Pitching: RHP Adrian Frazier
|
|
Batting: SHB Brace Harper
|
0-0: Ball 1-0: Ball 2-0: SINGLE (Groundball, 34D, EV 86.3 MPH) (infield hit)
|
Batting: SHB Robbie Rogers
|
0-0: Sac Bunt to 2L - play at first, batter OUT! 2-4 Brace Harper to second
|
Batting: LHB Kevin McCormic Jr.
|
0-0: Called Strike 0-1: Ball 1-1: SINGLE (Groundball, 56D, EV 101.3 MPH) Brace Harper to third Runner from 3rd tries for Home, SAFE, throw by LF to home
|
Pinch Hitting: RHB Chris Lane
|
0-0: Swinging Strike 0-1: Foul Ball, location: 2F 0-2: Ball 1-2: Foul Ball, location: 2F 1-2: Ball 2-2: Grounds into double play, 4-6-3 (Groundball, 4, EV 105.0 MPH)
|
Bottom of the 7th over - 1 run, 2 hits, 0 errors, 0 left on base; Oakland 1 - Boston 2 |
TOP OF THE 8TH |
Oakland Athletics batting - Pitching for Boston Red Sox : LHP Mike Nimmo
|
Now in LF: Brian Gray
|
|
Batting: RHB Danny Murillo
|
0-0: Called Strike 0-1: Ball 1-1: Called Strike 1-2: Strikes out looking
|
Batting: SHB Robert Handy
|
0-0: Called Strike 0-1: Foul Ball, location: 2F 0-2: Ball 1-2: Ball 2-2: Strikes out looking
|
Pinch Hitting: LHB Nate Dean
|
0-0: Fly out, F7 (Flyball, 78S, EV 83.8 MPH)
|
Top of the 8th over - 0 runs, 0 hits, 0 errors, 0 left on base; Oakland 1 - Boston 2 |
BOTTOM OF THE 8TH |
Boston Red Sox batting - Pitching for Oakland Athletics : RHP Adrian Frazier
|
Pitching: LHP Neal Chauveau
|
|
Now at 2B: Eduardo Chavez
|
|
Now at SS: Nate Dean
|
|
Batting: SHB Rich Chavez
|
0-0: Ball 1-0: Ball 2-0: Called Strike 2-1: Ball 3-1: Called Strike 3-2: Strikes out looking
|
Pinch Hitting: RHB Garry Hash
|
0-0: Fly out, F4 (Line Drive, 4, EV 60.0 MPH)
|
Pinch Hitting: RHB Won-jun Park
|
0-0: Ball 1-0: Ball 2-0: Ball 3-0: Base on Balls
|
Pinch Hitting: RHB Scott Treider
|
0-0: SINGLE (Groundball, 6MS, EV 69.4 MPH) (infield hit) Won-jun Park to second
|
Pinch Hitting: RHB Manny Vergara
|
0-0: Called Strike 0-1: Foul Ball, location: 2F 0-2: Ball 1-2: Strikes out swinging
|
Bottom of the 8th over - 0 runs, 1 hit, 0 errors, 2 left on base; Oakland 1 - Boston 2 |
TOP OF THE 9TH |
Oakland Athletics batting - Pitching for Boston Red Sox : LHP Mike Nimmo
|
Pitching: RHP T.J. Balko
|
|
Now at C: Garry Hash
|
|
Now at 1B: Won-jun Park
|
|
Now at 2B: Rich Chavez
|
|
Now at 3B: Reilly Hawkins
|
|
Now in CF: Scott Treider
|
|
Batting: RHB Danny Miramontes
|
0-0: Called Strike 0-1: Foul Ball, location: 2F 0-2: Ball 1-2: Ball 2-2: Ground out 5-3 (Groundball, 5L, EV 81.3 MPH)
|
Pinch Hitting: RHB Justin McQuarter
|
0-0: Foul Ball, location: 2F 0-1: Foul Ball, location: 2F 0-2: Ball 1-2: Ball 2-2: Foul Ball, location: 2F 2-2: Strikes out looking
|
Pinch Hitting: RHB Javier Garcia
|
0-0: Swinging Strike 0-1: Called Strike 0-2: Foul Ball, location: 2F 0-2: Foul Ball, location: 2F 0-2: Ball 1-2: Ball 2-2: Foul Ball, location: 2F 2-2: Ball 3-2: Ground out 5-3 (Groundball, 56, EV 87.5 MPH)
|
Top of the 9th over - 0 runs, 0 hits, 0 errors, 0 left on base; Oakland 1 - Boston 2 |
|